 Dungeon Crawl Stone Soup version 0.27-a0-594-g2aaa8dbbc2 (webtiles) character file.

Game seed: 2285699836489664129

66 Grimdewalt the Shield-Bearer (level 4, -5/29 HPs)
             Began as a Gargoyle Fighter on Mar 11, 2021.
             Killed by nerve-wracking pain
             ... invoked by an orc priest
              (7 damage)
             ... on level 3 of the Dungeon.
             The game lasted 00:03:44 (1778 turns).

Grimdewalt the Shield-Bearer (Gargoyle Fighter)     Turns: 1778, Time: 00:03:45

Health: -5/29      AC: 12    Str: 20    XL:     4   Next: 15%
Magic:  4/4        EV:  5    Int:  9    God:
Gold:   119        SH:  9    Dex:  9    Spells: 3/3 levels left

rFire    . . .     SeeInvis .   a - +0 flail
rCold    + . .     Faith    .   c - +0 kite shield
rNeg     + . .     Spirit   .   h - +0 chain mail
rPois    ∞         Reflect  .   (no helmet)
rElec    +         Harm     .   (no cloak)
rCorr    .         Rampage  .   (no gloves)
Will     .....                  (no boots)
Stlth    ..........             (no amulet)
HPRegen  0.09/turn              m - ring of protection from cold
MPRegen  0.09/turn              (no ring)

@: no status effects
A: negative energy resistance 1, electricity resistance, torment resistance 1,
unbreathing 1, petrification resistance, AC +3
a: no special abilities


You were on level 3 of the Dungeon.
You visited 1 branch of the dungeon, and saw 3 of its levels.

You collected 119 gold pieces.

Inventory:

Hand Weapons
 a - a +0 flail (weapon)
Armour
 b - a +0 scale mail
 c - a +0 kite shield (worn)
 h - a +0 chain mail (worn)
Jewellery
 i - a ring of wizardry
 m - a ring of protection from cold (right hand)
Scrolls
 j - 3 scrolls of teleportation {unknown}
 n - a scroll of identify {unknown}
 o - a scroll of noise {unknown}
Potions
 d - 2 potions of might
 e - 3 potions of attraction {unknown}
 f - a potion of ambrosia {unknown}
 g - 2 potions of curing {unknown}
 k - 2 potions of heal wounds {unknown}
 l - 4 potions of lignification {unknown}


   Skills:
 + Level 3.9 Fighting
 + Level 2.7 Maces & Flails
 + Level 3.8 Armour
 + Level 4.0 Shields


You had 3 spell levels left.
You didn't know any spells.
Your spell library was empty.

Dungeon Overview and Level Annotations

Branches:
Dungeon (3/15)

Altars:

Portals:
Sewer: D:3

Annotations:
D:2 Sigmund, Terence


Innate Abilities, Weirdness & Mutations

Your stone body is resilient. (AC +3)
You are immune to poison.
You resist negative energy. (rN+)
You are resistant to electric shocks. (rElec)
You are resistant to unholy torment.
You can survive without breathing.
You are immune to petrification.


Message History

An orc priest comes into view.
An orc comes into view.
The orc priest hits you but does no damage.
You sock the orc priest!
The orc priest is heavily wounded.
The orc priest hits you but does no damage. x2
You barely miss the orc priest.
The orc priest is moderately wounded.
The orc priest hits you but does no damage.
You hit the orc priest.
The orc priest is heavily wounded.
The orc priest calls down the wrath of Beogh upon you.
Pain shoots through your body!
The orc priest hits you but does no damage.
You barely miss the orc priest.
The orc priest is heavily wounded.
The orc priest hits you but does no damage.
You block the orc's attack.
The giant cockroach waves its antennae.
You hit the orc priest.
The orc priest is almost dead.
The orc priest miscasts a cantrip.
The orc hits you but does no damage. The orc priest hits you.
The orc barely misses you.
You barely miss the orc priest.
The orc priest is almost dead.
The orc priest invokes the aid of Beogh against you.
Beogh smites you! You block the orc's attack.
You hit the orc priest but do no damage.
The orc priest is almost dead.
The orc priest mumbles some strange prayers to Beogh against you.
Beogh smites you!
* * * LOW HITPOINT WARNING * * *
You block the orc's attack.
The orc priest hits you but does no damage.
The orc hits you but does no damage.
You hit the orc priest but do no damage.
The orc priest is almost dead.
The orc priest hits you but does no damage.
You block the orc's attack.
You barely miss the orc priest.
The orc priest is almost dead.
You block the orc priest's attack. The orc barely misses you.
The orc priest hits you but does no damage.
You block the orc's attack.
You completely miss the orc priest.
The orc priest is almost dead.
The orc priest calls down the wrath of Beogh upon you.
Pain shoots through your body!
You die...

... ......##............
.#.#####.######.........
..............#.........
.........####..(........
..#####..# ##..........
..#≈≈≈#..# #..........
#.#≈≈B#..# #..........
#.#≈∩S#..# ....#.######
#.#≈≈B#@.# ###..#.#
#.#≈≈B#oo.......#.#
#.##+##..#.#.#..#.#
#........#... ###.......
.## #.........#
#........ #.........


You could see an orc priest, an adder, an orc and 3 giant cockroaches.

Vanquished Creatures
  An adder skeleton (D:2)
  A worm (D:2)
  4 leopard geckos
  4 orcs (D:3)
  6 giant cockroaches
  3 goblins
  6 hobgoblins
  3 jackals (D:1)
  7 kobolds
  A quokka (D:2)
  8 bats
  3 rats
47 creatures vanquished.

Notes
Turn   | Place    | Note
-------+----------+-------------------------------------------
     0 | D:1      | Grimdewalt the Gargoyle Fighter began the quest for the
                  | Orb.
     0 | D:1      | Reached XP level 1. HP: 14/14 MP: 1/1
   191 | D:1      | Reached XP level 2. HP: 19/19 MP: 2/2
   846 | D:2      | Noticed Sigmund
   846 | D:2      | Noticed Terence
   914 | D:2      | Reached XP level 3. HP: 20/24 MP: 3/3
  1604 | D:3      | Reached XP level 4. HP: 27/29 MP: 4/4
  1611 | D:3      | Reached skill level 4 in Shields
  1761 | D:3      | Found a glowing drain.
  1775 | D:3      | HP: 1/29 [orc priest/divine providence (11)]
  1778 | D:3      | Killed from afar by an orc priest

Illustrated notes

Levels and vault maps discovered:
D:1:      lightli_arrival_chessboard, layout_loops_ring
D:2:      layout_basic, uniq_sigmund, uniq_jessica, uniq_terence
D:3:      layout_basic, gup_sewer_entry_glass

Skill      XL: |  1  2  3  4 |
---------------+-------------+-----
Shields        | 4 |  4.0
Fighting       | |  3.9
Maces & Flails | |  2.7
Armour         | |  3.8

Action                   |  1- 3 |  4- 6 || total
-------------------------+-------+-------++-------
Melee: Flail             |   195 |    26 ||   221
Armor: Scale mail        |    39 |       ||    39
       Chain mail        |   123 |    20 ||   143
Dodge: Dodged            |    73 |     5 ||    78
Block: Kite shield       |   149 |    11 ||   160

Table legend: (Time is in decaauts)
 A = Elapsed time spent in this place.
 B = Non-inter-level travel time spent in this place.
 C = Inter-level travel time spent in this place.
 D = Time resting spent in this place.
 E = Time spent auto-exploring this place.
 F = Levels seen in this place.
 G = Mean time per level.
                   A        B        C        D        E       F      G
               +--------+--------+--------+--------+--------+-----+--------+
         Total |   1890 |   1833 |     57 |      0 |   1286 |   3 |  630.0 |
       Dungeon |   1890 |   1833 |     57 |      0 |   1286 |   3 |  630.0 |
               +--------+--------+--------+--------+--------+-----+--------+

Top non-repeatable levels by time:
     D:1: 846 daAuts
     D:2: 603 daAuts
     D:3: 439 daAuts
